 Dungeon Crawl Stone Soup version 0.30-a0-845-g7c6808c8ce (webtiles) character file.

Game seed: 3380518583750781509

842 spacey5 the Conjurer (level 8, -1/78 HPs)
             Began as a Human Conjurer on Mar 2, 2023.
             Was an Initiate of Sif Muna.
             Slain by an orc warrior
             ... wielding a +0 flail
              (10 damage)
             ... on level 5 of the Dungeon.
             The game lasted 00:25:52 (6683 turns).

spacey5 the Conjurer (Human Conjurer)               Turns: 6683, Time: 00:25:52

Health: -1/78      AC: 24    Str: 10    XL:     8   Next: 20%
Magic:  2/15       EV:  2    Int: 18    God:    Sif Muna [......]
Gold:   284        SH:  5    Dex: 12    Spells: 10/16 levels left

rFire   . . .      SeeInvis +    (no weapon)
rCold   . . .      Faith    .    (no shield)
rNeg    . . .      Spirit   .    a - melded +0 robe
rPois   +          Reflect  +    (helmet currently unavailable)
rElec   .          Rampage  .    (cloak currently unavailable)
rCorr   +          NoTele   +    (gloves currently unavailable)
Will    +....                    p - melded +1 pair of boots
Stlth   +                        k - amulet of reflection
HPRegen 0.33/turn                n - ring "Xyshyv" {Will+ rCorr SInv Stlth-}
MPRegen 0.14/turn                (no ring)

@: tree-form
A: stationary, stasis, torment immunity, boosted hp
a: Renounce Religion


You were on level 5 of the Dungeon.
You worshipped Sif Muna.
Sif Muna was noncommittal.
You were a tree.
You visited 1 branch of the dungeon, and saw 5 of its levels.
You also visited: Sewer.

You collected 284 gold pieces.

Inventory:

Armour
 a - a +0 robe (melded)
 p - a +1 pair of boots (melded)
Jewellery
 k - an amulet of reflection (around neck)
 n - the ring "Xyshyv" (left branch) {Will+ rCorr SInv Stlth-}
   (You found it on level 3 of the Dungeon)

   [ring of willpower]

   SInv:      It lets you see invisible.
   rCorr:     It protects you from acid and corrosion.
   Will:      It increases your willpower.
   Stlth:     It makes you less stealthy.
Wands
 e - a wand of paralysis (8)
 i - a wand of iceblast (1)
 t - a wand of flame (6) (quivered)
Scrolls
 f - 2 scrolls of brand weapon
 g - 2 scrolls of teleportation
 l - a scroll of poison {unknown}
 q - 2 scrolls of identify
Potions
 d - 3 potions of degeneration
 h - a potion of brilliance {unknown}
 j - a potion of cancellation {unknown}
 m - 3 potions of flight
 o - a potion of heal wounds {unknown}
 u - a potion of invisibility {unknown}
 v - a potion of mutation {unknown}


   Skills:
 + Level 3.9(1.9) Dodging
 + Level 4.2(2.1) Stealth
 * Level 4.9(2.4) Spellcasting
 * Level 6.4(3.2) Conjurations


You had 10 spell levels left.
You knew the following spells:

 Your Spells              Type           Power      Damage    Failure   Level
a - Magic Dart            Conj           52%        1d5       4%          1
b - Searing Ray           Conj           26%        2d5       7%          2
c - Dazzling Flash        Conj/Hex       16%        N/A       26%         3

Your spell library contained the following spells:

 Spells                   Type           Power      Damage    Failure   Level
 Summon Guardian Golem    Hex/Summ       2%         N/A       45%         3
 Fulminant Prism          Conj/Hex       4%         3d5       65%         4
 Iskenderun's Mystic Bla  Conj/Tloc      8%         2d4       65%         4
 Animate Dead             Necr           2%         N/A       86%         4
 Haunt                    Necr/Summ      1%         N/A       100%        7
 Orb of Destruction       Conj           6%         9d6       100%        7
 Spellforged Servitor     Conj/Summ      4%         N/A       100%        7
 Infestation              Necr           1%         N/A       100%        8


Dungeon Overview and Level Annotations

Branches:
Dungeon (5/15)              Sewer (visited)
 Temple: D:4-7

Altars:
Ashenzari
Sif Muna

Shops:
D:5 *!

Annotations:
D:4 1 runed translucent door, Crazy Yiuf
D:5 2 runed translucent doors, zenocrate's ghost, novice OpTm


Message History

Restarting spell: Searing Ray (safe; 7% risk of failure)
Press: ? - help, Q - select action, (/) - cycle Shift-Dir - straight line, f/p - orc warrior
Aim: an orc warrior, wielding a +0 flail and wearing a +0 chain mail (heavily wounded, blind, 73% to hit)
The searing ray hits the orc warrior.
The orc warrior is heavily wounded. (Press . to maintain the ray.)
The orc warrior hits you but does no damage.
Restarting spell: Searing Ray (safe; 7% risk of failure)
Press: ? - help, Q - select action, (/) - cycle Shift-Dir - straight line, f/p - orc warrior
Aim: an orc warrior, wielding a +0 flail and wearing a +0 chain mail (heavily wounded, blind, 73% to hit)
The searing ray hits the orc warrior but does no damage.
The orc warrior is heavily wounded. (Press . to maintain the ray.)
The orc warrior hits you with a +0 flail!
* * * LOW HITPOINT WARNING * * *
Aiming: Throw Flame
Press: ? - help, Q - select action, (/) - cycle Shift-Dir - straight line, f/p - orc warrior
Aim: an orc warrior, wielding a +0 flail and wearing a +0 chain mail (heavily wounded, blind, 64% to hit)
The puff of flame hits the orc warrior.
The orc warrior is severely wounded.
The orc warrior is no longer blind.
The orc warrior hits you with a +0 flail.
* * * LOW HITPOINT WARNING * * *
Aiming: Searing Ray (safe; 7% risk of failure)
Press: ? - help, Q - select action, (/) - cycle Shift-Dir - straight line, f/p - orc warrior
Aim: an orc warrior, wielding a +0 flail and wearing a +0 chain mail (severely wounded, 73% to hit)
Okay, then.
You are too injured to fight recklessly!
Aiming: Throw Flame
Press: ? - help, Q - select action, (/) - cycle Shift-Dir - straight line, f/p - orc warrior
Aim: an orc warrior, wielding a +0 flail and wearing a +0 chain mail (severely wounded, 64% to hit)
The puff of flame misses the orc warrior.
The orc warrior hits you but does no damage.
Aiming: Throw Flame
Press: ? - help, Q - select action, (/) - cycle Shift-Dir - straight line, f/p - orc warrior
Aim: an orc warrior, wielding a +0 flail and wearing a +0 chain mail (severely wounded, 64% to hit)
The puff of flame hits the orc warrior but does no damage.
The orc warrior is severely wounded.
The orc warrior hits you with a +0 flail!
You die...

.≈..........>.######..#
.≈.####.###...####.#..#
.≈......#..........#..#
.≈.######o#...####.#..##
.≈. #.....# #.#...# .≈..
#.....# #.#..## .≈.
#...o#####.#..# ≈≈.
#.....))o#.#..# ...
#...).##♣#.#..# ...
#####..##.#.#..# ...
###≈≈≈###.).#.#..# ..$
##≈≈≈≈≈≈≈#####.#..##
..##≈≈.###.≈≈## #.#..<#
.#≈≈.##_##.≈≈# #.##.##
##≈≈.#.).#.≈≈###.##.#
#≈≈≈.#...#.≈≈≈##..#.#
#≈≈.##.##.≈≈####.#.#


You could see an orc warrior and an orc wizard.

Vanquished Creatures
  A water moccasin (Sewer)
  A black bear (D:5)
  An ogre (D:5)
  A centaur (D:5)
  A scorpion (D:4)
  3 hounds
  2 orc priests (D:5)
  2 iguanas
  2 orc wizards (D:5)
  7 adders
  2 worms
  2 dart slugs
  11 orcs
  9 ball pythons
  6 endoplasms
  6 giant cockroaches
  4 goblins
  5 hobgoblins
  5 jackals
  11 kobolds
  8 quokkas
  5 bats
  4 frilled lizards
  7 rats
106 creatures vanquished.

Notes
Turn   | Place    | Note
-------+----------+-------------------------------------------
     0 | D:1      | spacey5 the Human Conjurer began the quest for the Orb.
     0 | D:1      | Reached XP level 1. HP: 13/13 MP: 3/3
   188 | D:1      | Reached XP level 2. HP: 19/19 MP: 3/5
   725 | D:1      | Reached XP level 3. HP: 24/24 MP: 2/6
  1963 | D:2      | Found a faded altar of an unknown god.
  1975 | D:2      | Prayed at the altar of an unknown god.
  1975 | D:2      | Became a worshipper of Ashenzari the Shackled
  2118 | D:2      | You fall into a shaft and drop 1 floor!
  2237 | D:3      | Identified the ring "Xyshyv" {Will+ rCorr SInv Stlth-}
  2246 | D:3      | Reached XP level 4. HP: 29/30 MP: 0/7
  2939 | D:3      | Learned a level 2 spell: Searing Ray
  2943 | D:3      | Learned a level 3 spell: Dazzling Flash
  3652 | D:3      | Reached XP level 5. HP: 35/35 MP: 6/9
  4381 | D:4      | Found a glowing drain.
  4412 | Sewer    | Entered a sewer
  4547 | Sewer    | Noticed a water moccasin
  4553 | Sewer    | Killed a water moccasin
  4554 | Sewer    | Reached skill level 5 in Conjurations
  4554 | Sewer    | Reached XP level 6. HP: 35/41 MP: 2/11
  5052 | D:4      | Reached XP level 7. HP: 41/46 MP: 2/13
  5403 | D:4      | Found a runed translucent door.
  5404 | D:4      | Noticed Crazy Yiuf
  5520 | D:5      | Entered Level 5 of the Dungeon
  5617 | D:5      | Reached skill level 6 in Conjurations
  5943 | D:5      | Found a shimmering blue altar of Sif Muna.
  5957 | D:5      | Fell from the grace of Ashenzari
  6281 | D:5      | Became a worshipper of Sif Muna the Loreminder
  6376 | D:5      | Found Vukhloumahio's Distillery.
  6426 | D:5      | Reached XP level 8. HP: 32/52 MP: 0/15
  6588 | D:5      | Found a large runed translucent door.
  6588 | D:5      | Found a large runed translucent door.
  6591 | D:5      | Noticed zenocrate's ghost (novice OpTm)
  6609 | D:5      | Found Bustunea's General Store.
  6683 | D:5      | Slain by an orc warrior

Illustrated notes

Levels and vault maps discovered:
D:1:      minmay_arrival_statue_studded, layout_basic
D:2:      layout_basic, ebering_ecumenical_altar_rust, minmay_pentomino_o4
D:3:      layout_basic, minmay_cut_off
D:4:      layout_basic, portal_sewer_entry_a, serial_glass, glass_columns_a,
          glass_columns_c, kennysheep_small_square, uniq_crazy_yiuf_cottage
D:5:      layout_basic, kennysheep_orc_sif_temple,
          minmay_temple_entry_gardened_gates, serial_shops,
          nicolae_shop_window_shopping, nicolae_lakefront_shop,
          nicolae_inconvenience_store, shop, ebering_ghost_disaster_area,
          nicolae_elemental_shop, minmay_a_box_with_orc_wizards_in_it

Skill      XL: |  1  2  3  4  5  6  7 |
---------------+----------------------+-----
Spellcasting   | 3 4 |  4.9
Dodging        | 3 |  3.9
Stealth        | 3 4 |  4.2
Conjurations   | 5 6 |  6.4

Action                     |  1- 3 |  4- 6 |  7- 9 || total
---------------------------+-------+-------+-------++-------
  Melee: Unarmed           |     1 |     6 |       ||     7
   Cast: Magic Dart        |    87 |    72 |    36 ||   195
         Searing Ray       |       |    26 |    24 ||    50
         Dazzling Flash    |       |       |     1 ||     1
 Invoke: Renounce Religion |       |       |     1 ||     1
  Evoke: Wand              |       |     3 |    14 ||    17
    Use: Potion            |     3 |       |     6 ||     9
         Scroll            |     3 |     9 |     4 ||    16
 Armour: Robe              |     9 |    12 |     7 ||    28
         Skin              |       |       |     4 ||     4
  Dodge: Dodged            |    31 |    41 |    34 ||   106
  Block: Other             |     6 |    20 |    16 ||    42
         Reflection        |       |       |     1 ||     1

Table legend: (Time is in decaauts)
 A = Elapsed time spent in this place.
 B = Non-inter-level travel time spent in this place.
 C = Inter-level travel time spent in this place.
 D = Time resting spent in this place.
 E = Time spent auto-exploring this place.
 F = Levels seen in this place.
 G = Mean time per level.
                   A        B        C        D        E       F      G
               +--------+--------+--------+--------+--------+-----+--------+
         Total |   6695 |   6503 |    192 |    808 |   4392 |   6 | 1115.8 |
       Dungeon |   6408 |   6216 |    192 |    722 |   4270 |   5 | 1281.6 |
         Sewer |    286 |    286 |      0 |     86 |    122 |   1 |  286.0 |
               +--------+--------+--------+--------+--------+-----+--------+

Top non-repeatable levels by time:
     D:1: 1609 daAuts
     D:3: 1429 daAuts
     D:4: 1413 daAuts
     D:5: 1165 daAuts
     D:2: 791 daAuts
   Sewer: 286 daAuts
